 Dungeon Crawl Stone Soup version 0.31-a0-167-g1c394c0614 (webtiles) character file.

Game seed: 2673400077091665143

216 Dittersdorf the Shield-Bearer (level 5, 0/34 HPs)
             Began as a Gargoyle Fighter on June 14, 2023.
             Slain by a black bear (3 damage)
             ... on level 4 of the Dungeon.
             The game lasted 00:03:28 (2096 turns).

Dittersdorf the Shield-Bearer (Gargoyle Fighter)    Turns: 2096, Time: 00:03:29

Health: 0/34       AC: 12    Str: 22    XL:     5   Next: 93%
Magic:  5/5        EV:  9    Int:  8    God:
Gold:   125        SH:  4    Dex:  9    Spells: 4/4 levels left

rFire   . . .        a - +0 flail
rCold   . . .        c - +0 buckler
rNeg    + . .        b - +0 scale mail
rPois   ∞            (no helmet)
rElec   +            (no cloak)
rCorr   +            j - +0 pair of gloves
SInv    .            (no boots)
Will    .....        i - amulet of regeneration Stlth
                     h - ring of resist corrosion
HPRegen 1.05/turn    (no ring)
MPRegen 0.09/turn

%: no passive effects
@: no status effects
A: sickness immunity, AC +4, negative energy resistance 1, electricity
resistance, torment resistance 1, petrification resistance
a: no special abilities


You were on level 4 of the Dungeon.
You visited 1 branch of the dungeon, and saw 4 of its levels.

You collected 125 gold pieces.

Inventory:

Hand Weapons
 a - a +0 flail (weapon)
Missiles
 m - 5 poisoned darts
Armour
 b - a +0 scale mail (worn)
 c - a +0 buckler (worn)
 j - a +0 pair of gloves (worn)
Jewellery
 h - a ring of resist corrosion (left hand)
 i - an amulet of regeneration (around neck)
Wands
 l - a wand of acid (4)
Scrolls
 f - a scroll of fog {unknown}
 g - a scroll of immolation {unknown}
 k - a scroll of amnesia {unknown}
 o - 2 scrolls of revelation {unknown}
Potions
 d - 2 potions of might
 e - 3 potions of curing {unknown}
 n - a potion of lignification {unknown}
 p - a potion of enlightenment {unknown}
 q - a potion of attraction {unknown}


   Skills:
 + Level 4.4 Fighting
 + Level 3.3 Maces & Flails
 + Level 4.5 Armour
 + Level 4.5 Shields


You had 4 spell levels left.
You didn't know any spells.
Your spell library contained the following spells:

 Spells                   Type           Power      Damage    Failure   Level
 Summon Small Mammal      Summ           0%         N/A       80%         1
 Call Canine Familiar     Summ           0%         N/A       99%         3
 Inner Flame              Hex/Fire       0%         N/A       99%         3
 Portal Projectile        Hex/Tloc       0%         N/A       99%         3
 Summon Guardian Golem    Hex/Summ       0%         N/A       99%         3
 Tukima's Dance           Hex            0%         N/A       99%         3
 Flame Wave               Conj/Fire      0%         2d4       100%        4
 Passage of Golubria      Tloc           0%         N/A       100%        4
 Sticky Flame             Conj/Fire      0%         2d3       100%        4
 Blade Hands              Tmut           0%         N/A       100%        5
 Yara's Violent Unravell  Hex/Tmut       0%         3d3       100%        5


Dungeon Overview and Level Annotations

Branches:
Dungeon (4/15)
 Temple: D:4-7

Altars:
Vehumet


Innate Abilities, Weirdness & Mutations

You are immune to sickness and miasma.
Your stone body is resilient. (AC +4)
You are immune to poison.
You resist negative energy. (rN+)
You are resistant to electric shocks. (rElec)
You are resistant to unholy torment.
You are immune to petrification.


Message History

The black bear is severely wounded.
The black bear bites you.
The black bear claws you but does no damage. x2
The endoplasm hits you but does no damage.
The black bear bites you.
The black bear claws you but does no damage.
The black bear closely misses you. The endoplasm completely misses you.
You are too injured to fight recklessly!
You are too injured to fight recklessly!
You are too injured to fight recklessly!
You are too injured to fight recklessly!
You are too injured to fight recklessly!
You are too injured to fight recklessly!
You are too injured to fight recklessly!
You are too injured to fight recklessly!
You are too injured to fight recklessly!
You are too injured to fight recklessly!
You are too injured to fight recklessly!
You are too injured to fight recklessly!
You are too injured to fight recklessly!
You are too injured to fight recklessly!
You are too injured to fight recklessly!
You are too injured to fight recklessly!
You hit the black bear.
The black bear is almost dead.
You block the black bear's attack. The black bear closely misses you.
You block the black bear's attack.
The endoplasm hits you but does no damage.
The black bear bites you.
The black bear claws you but does no damage. x2
You hit the black bear.
The black bear is almost dead.
The black bear closely misses you. The black bear claws you.
* * * LOW HITPOINT WARNING * * *
The black bear barely misses you. The endoplasm closely misses you.
The black bear bites you!
* * * LOW HITPOINT WARNING * * *
The black bear claws you but does no damage.
The black bear claws you.
You die...

#... ...... .... ......
#. ...# ...... ##.
..###...... #...
#.#........
...##..........
#....hJ.....)
#....@.......# ..
#....#.......##.##..
###...#...#......##..##
#.........##...........
##..##....##...........
##......#.......##..#..
#.......#.......#..##..
#.......................
##........#.......#.....


You could see a black bear (berserk) and an endoplasm.

Vanquished Creatures
  A scorpion (D:4)
  A sleepcap (D:4)
  An orc wizard (D:3)
  5 adders
  2 dart slugs
  3 orcs (D:3)
  3 ball pythons
  3 endoplasms
  2 giant cockroaches
  7 hobgoblins
  3 kobolds (D:2)
  2 quokkas
  7 bats
  3 frilled lizards
  10 goblins
  2 rats
55 creatures vanquished.

Notes
Turn   | Place    | Note
-------+----------+-------------------------------------------
     0 | D:1      | Dittersdorf the Gargoyle Fighter began the quest for the
                  | Orb.
     0 | D:1      | Reached XP level 1. HP: 14/14 MP: 1/1
   162 | D:1      | Reached XP level 2. HP: 19/19 MP: 2/2
   832 | D:2      | Reached XP level 3. HP: 23/23 MP: 3/3
  1207 | D:2      | Reached XP level 4. HP: 28/29 MP: 4/4
  1658 | D:3      | Reached XP level 5. HP: 33/33 MP: 5/5
  1729 | D:3      | Found a radiant altar of Vehumet.
  2083 | D:4      | Noticed a black bear
  2096 | D:4      | Slain by a black bear

Illustrated notes

Levels and vault maps discovered:
D:1:      spicycebolla_arrival_clurvy, layout_loops_ring
D:2:      layout_loops_cross
D:3:      layout_rooms, pf_just_have_faith, saegor_snake_ambush
D:4:      layout_cave_pools, nicolae_grassy_gnolls

Skill      XL: |  1  2  3  4  5 |
---------------+----------------+-----
Fighting       | 4 |  4.4
Armour         | 4 |  4.5
Shields        | 4 |  4.5
Maces & Flails | 3 |  3.3

Action                     |  1- 3 |  4- 6 || total
---------------------------+-------+-------++-------
  Melee: Flail             |    90 |   101 ||   191
 Armour: Scale mail        |    54 |    78 ||   132
  Dodge: Dodged            |    50 |    55 ||   105
  Block: Buckler           |    30 |    25 ||    55

Table legend: (Time is in decaauts)
 A = Elapsed time spent in this place.
 B = Non-inter-level travel time spent in this place.
 C = Inter-level travel time spent in this place.
 D = Time resting spent in this place.
 E = Time spent auto-exploring this place.
 F = Levels seen in this place.
 G = Mean time per level.
                   A        B        C        D        E       F      G
               +--------+--------+--------+--------+--------+-----+--------+
         Total |   2170 |   2014 |    156 |     84 |   1446 |   4 |  542.5 |
       Dungeon |   2170 |   2014 |    156 |     84 |   1446 |   4 |  542.5 |
               +--------+--------+--------+--------+--------+-----+--------+

Top non-repeatable levels by time:
     D:1: 738 daAuts
     D:2: 722 daAuts
     D:3: 598 daAuts
     D:4: 112 daAuts
